 Dungeon Crawl Stone Soup version 0.28.0-45-g0d030f2227 (webtiles) character file.

Game seed: 12426157413930092613

219 101zpm the Chiller (level 5, 0/35 HPs)
             Began as a Vampire Ice Elementalist on Apr 12, 2022.
             Slain by Grinder (6 damage)
             ... on level 3 of the Dungeon.
             The game lasted 00:08:05 (4317 turns).

101zpm the Chiller (Vampire Ice Elementalist)       Turns: 4317, Time: 00:08:07

Health: 0/35       AC:  2    Str:  7    XL:     5   Next: 63%
Magic:  6/11       EV: 13    Int: 19    God:
Gold:   111        SH:  0    Dex: 15    Spells: 8/12 levels left

rFire   . . .      SeeInvis +   (no weapon)
rCold   . . .      Faith    .   (no shield)
rNeg    . . .      Spirit   .   a - +0 robe
rPois   .          Reflect  .   (no helmet)
rElec   .          Harm     .   (no cloak)
rCorr   .          Rampage  .   (no gloves)
Will    .....                   (no boots)
Stlth   ++........              (no amulet)
HPRegen 0.31/turn               (no ring)
MPRegen 0.12/turn               (no ring)

@: very slightly contaminated, healing quickly
A: alive, fangs 3, see invisible, vampiric 2
a: Exsanguinate


You were on level 3 of the Dungeon.
You visited 1 branch of the dungeon, and saw 4 of its levels.

You collected 111 gold pieces.

Inventory:

Missiles
 i - 67 stones
 j - 7 boomerangs
Armour
 a - a +0 robe (worn)
Jewellery
 h - an amulet of magic regeneration
Scrolls
 b - a scroll of fog {unknown}
 d - 3 scrolls of identify {unknown}
 f - a scroll of enchant armour {unknown}
 g - a scroll of summoning {unknown}
 o - a scroll of enchant weapon {unknown}
Potions
 c - a potion of brilliance {unknown}
 e - 3 potions of mutation {unknown}
 k - a potion of resistance {unknown}
 l - a potion of lignification {unknown}
 m - a potion of flight {unknown}
 n - a potion of curing {unknown}


   Skills:
 + Level 0.2 Fighting
 + Level 2.8 Dodging
 + Level 3.3 Stealth
 + Level 0.1 Unarmed Combat
 + Level 4.2 Spellcasting
 + Level 5.1 Ice Magic


You had 8 spell levels left.
You knew the following spells:

 Your Spells              Type           Power      Damage    Failure   Level
a - Freeze                Ice            92%        1d10      1%          1
b - Frozen Ramparts       Ice            46%        1d6       4%          3

Your spell library contained the following spells:

 Spells                   Type           Power      Damage    Failure   Level
 Ozocubu's Armour         Ice            23%        N/A       4%          3
 Hailstorm                Conj/Ice       13%        3d5       43%         4


Dungeon Overview and Level Annotations

Branches:
Dungeon (4/15)
 Temple: D:4-7

Altars:

Annotations:
D:3 Grinder


Innate Abilities, Weirdness & Mutations

Your natural rate of healing is accelerated.
You have razor-sharp teeth.
You have supernaturally acute eyesight. (SInv)
You are afflicted with vampirism and can become a bat while bloodless.


Message History

You kill the hobgoblin!
You start resting.
The frozen ramparts melt away.
You start resting.
Magic restored.
You start resting.
HP restored.
n - a fuming inky potion;
o - a scroll labelled TUDUOF BOEN You now have 111 gold pieces (gained 14).
Things that are here:
a +0 club; a +2 ring mail of willpower; a hobgoblin corpse
Found a chain mail.
There is a stone staircase leading down here.
Grinder is nearby!
Casting: Frozen Ramparts (dangerous; 4% risk of failure)
Confirm with . or Enter, or press ? or * to list all spells.
Casting: Frozen Ramparts (dangerous; 4% risk of failure)
Press: ? - help, Dir - look around, f - activate The walls around you are covered in ice.
Grinder shouts!
Grinder gestures at you. Pain shoots through your body!
Grinder gestures at you.
You suddenly lose the ability to move!
Grinder resists.
The wall freezes Grinder.
Grinder resists.
The wall freezes Grinder.
Grinder hits you!
You writhe in agony.
The frozen ramparts melt away.
Grinder hits you!
* * * LOW HITPOINT WARNING * * *
You can move again.
Casting: Frozen Ramparts (dangerous; 4% risk of failure)
Confirm with . or Enter, or press ? or * to list all spells.
Casting: Frozen Ramparts (dangerous; 4% risk of failure)
Press: ? - help, Dir - look around, f - activate You miscast Frozen Ramparts.
You are very lightly contaminated with residual magic.
Nothing appears to happen.
Grinder hits you.
* * * LOW HITPOINT WARNING * * *
You writhe in agony.
You die...

...# #.#.####
#.......### ####
##.#....######
#########
######............#
##.##
.....#..##...####.#
##...#######
####.#..###.## .#
#...........
#....###.# .##
##...#######
#.....##.# ..## ##.##
####.....##.# ###5..#
#.#
.........##.###.@...#
#.#
####.....#...##.###.#
#.#
####............#$#.#
#.#
......####...##.###.#
#.# # ...)..#
##.###.....#
#.######## .###).#
#.#
##########.........
.# #[.# #>#
#.............
.###..# #.#
#.############
.##...#####.# #.#
#†.....#


You could see Grinder.

Vanquished Creatures
  An orc priest (D:3)
  2 orc wizards (D:3)
  7 adders
  A worm (D:3)
  A dart slug (D:3)
  6 orcs (D:3)
  7 bats
  7 endoplasms
  2 giant cockroaches
  5 goblins
  5 hobgoblins
  4 jackals (D:2)
  5 kobolds
  3 quokkas (D:3)
  7 ball pythons
  4 frilled lizards
  3 rats
70 creatures vanquished.

Notes
Turn   | Place    | Note
-------+----------+-------------------------------------------
     0 | D:1      | 101zpm the Vampire Ice Elementalist began the quest for the
                  | Orb.
     0 | D:1      | Reached XP level 1. HP: 13/13 MP: 3/3
   192 | D:1      | Found a faded altar of an unknown god.
   247 | D:1      | Reached XP level 2. HP: 6/19 MP: 0/5
  1410 | D:2      | Gained mutation: You are afflicted with vampirism and can
                  | become a bat while bloodless. [Vampire growth]
  1410 | D:2      | Reached XP level 3. HP: 20/24 MP: 1/6
  1916 | D:2      | Reached XP level 4. HP: 26/30 MP: 5/8
  2204 | D:2      | Learned a level 3 spell: Frozen Ramparts
  3262 | D:3      | Reached skill level 5 in Ice Magic
  3262 | D:3      | Reached XP level 5. HP: 23/35 MP: 5/10
  3356 | D:3      | Noticed Grinder
  3378 | D:3      | Noticed an ogre
  4313 | D:3      | Paralysed by Grinder for 4 turns
  4317 | D:3      | Slain by Grinder

Illustrated notes

Levels and vault maps discovered:
D:1:      dpeg_arrival_solitude, layout_basic,
          hellmonk_ecumenical_altar_run_dry, minmay_misc_feat_more_columns
D:2:      layout_basic, wad_floor_pattern_1
D:3:      layout_loops_ring, item_on_display_a, uniq_grinder
D:4:      layout_loops_ring, nicolae_overflow_crystal_walls, minitemple

Skill      XL: |  1  2  3  4  5 |
---------------+----------------+-----
Spellcasting   | 3 4 |  4.2
Ice Magic      | 5 |  5.1
Fighting       | |  0.2
Dodging        | |  2.8
Stealth        | |  3.3
Unarmed Combat | |  0.1

Action                   |  1- 3 |  4- 6 || total
-------------------------+-------+-------++-------
Melee: Unarmed           |    27 |    41 ||    68
       Bite              |     1 |     2 ||     3
       Punch             |     1 |       ||     1
 Cast: Freeze            |    57 |    18 ||    75
       Frozen Ramparts   |       |    10 ||    10
Armor: Robe              |    12 |    16 ||    28
Dodge: Dodged            |    42 |    52 ||    94
